 Dungeon Crawl Stone Soup version 0.31-a0-819-gf6de2f5ab6 (webtiles) character file.

Game seed: 742420441041819359

12135 qw the Skirmisher (level 11, -11/72 HPs)
             Began as a Gargoyle Hunter on Sept 23, 2023.
             Was an Elder of Okawaru.
             Mangled by a two-headed ogre
             ... wielding a +0 giant spiked club
              (17 damage)
             ... on level 11 of the Dungeon.
             The game lasted 00:04:59 (10290 turns).

qw the Skirmisher (Gargoyle Hunter)                Turns: 10290, Time: 00:05:00

Health: -11/72     AC: 15    Str: 16    XL:     11   Next: 88%
Magic:  17/17      EV: 17    Int:  9    God:    Okawaru [****..]
Gold:   714        SH:  0    Dex: 17    Spells: 10/10 levels left

rFire   . . .        u - +1 orcbow (flame)
rCold   + . .        (shield currently unavailable)
rNeg    + . .        b - +0 troll leather armour
rPois   inf          f - +2 helmet
rElec   +            a - scarf of Jouba {repulsion, Will+}
rCorr   .            (no gloves)
SInv    .            (no boots)
Will    ++...        l - amulet of faith
Stlth   +++          d - ring of protection from fire
HPRegen 1.12/turn    o - ring of protection from cold
MPRegen 0.15/turn

%: repel missiles, faith
@: heroic
A: sickness immunity, AC +8, negative energy resistance 1, electricity
resistance, torment resistance 1, petrification resistance, strong-willed 1,
heat vulnerability 1
a: Renounce Religion, Heroism, Finesse


You were on level 11 of the Dungeon.
You worshipped Okawaru.
Okawaru was greatly pleased with you.
You visited 2 branches of the dungeon, and saw 12 of its levels.
You also visited: Sewer.

You collected 986 gold pieces.
You spent 272 gold pieces at shops.


Innate Abilities, Weirdness & Mutations

You are immune to sickness and miasma.
Your stone body is resilient. (AC +8)
You are immune to poison.
You resist negative energy. (rN+)
You are resistant to electric shocks. (rElec)
You are resistant to unholy torment.
You are immune to petrification.
You are strong-willed. (Will+)
You are vulnerable to heat. (rF-)


   Skills:
 + Level 9.6(14.6) Fighting
 - Level 14.1(19.1) Ranged Weapons
 - Level 3.0(8.0) Armour
 - Level 4.0(9.0) Dodging
 - Level 1.1(6.1) Stealth
 + Level 8.5 Invocations


You had 10 spell levels left.
You didn't know any spells.
Your spell library was empty.

Inventory:

Hand Weapons
 u - a +1 orcbow of flaming (weapon)
Armour
 a - the scarf of Jouba (worn) {repulsion, Will+}
   (You acquired it on level 3 of the Dungeon)

   Will+:     It increases your willpower.
 b - a +0 troll leather armour (worn)
 f - a +2 helmet (worn)
 r - the +0 pair of gloves of the Lobster {Harm Int+4 SInv}
   (You acquired it on level 8 of the Dungeon)

   Int+4:     It affects your intelligence (+4).
   SInv:      It lets you see invisible.
   Harm:      It increases damage dealt and taken.
Jewellery
 d - a ring of protection from fire (left hand)
 h - an amulet of reflection
 j - a ring of ice
 l - an amulet of faith (around neck)
 m - a ring of fire
 o - a ring of protection from cold (right hand)
Wands
 g - a wand of digging (4)
Scrolls
 i - a scroll of identify
 p - 3 scrolls of enchant armour
Potions
 c - 3 potions of haste
 e - 5 potions of mutation
 k - 2 potions of enlightenment
 n - 2 potions of might
 q - 6 potions of curing
 s - a potion of magic
 t - a potion of resistance
 w - a potion of attraction {unknown}
 x - a potion of ambrosia {unknown}

Dungeon Overview and Level Annotations

Branches:
Dungeon (11/15)            Temple (1/1) D:5            Lair (0/5) D:11
    Orc (0/2) D:10          Sewer (visited)

Altars:
Ashenzari
Cheibriados
Dithmenos
Elyvilon
Fedhas
Gozag
Hepliaklqana
Kikubaaqudgha
Makhleb
Nemelex Xobeh
Okawaru
Qazlal
Ru
Sif Muna
Trog
Uskayaw
Vehumet
Wu Jian
Xom
Yredelemnul
Zin
The Shining One

Shops:
D:7 (   D:10 ([

Portals:
Trove: D:11 (lose all piety)

Annotations:
D:11 exclusion: oklob plant


Message History

Enter note:
Enter note:
Enter note:
Enter note:
Enter note:
Enter note:
10283 ||| Stepping ~*~*~tactically~*~*~ (retreating).
The komodo dragon attacks as it pursues you!
The komodo dragon closely misses you.
Enter note:
Enter note:
Enter note:
Enter note:
Enter note:
Enter note:
10284 |||
Found retreat position at -1,-1 (floor) with 0 blocking monsters and 1 monsters attacking at destination at distance 1
10284 ||| Stepping ~*~*~tactically~*~*~ (retreating).
You shoot an arrow.
The arrow hits the two-headed ogre but does no damage.
You shoot an arrow. The arrow hits the two-headed ogre.
The arrow burns the two-headed ogre.
The two-headed ogre is lightly wounded.
The two-headed ogre completely misses you.
The two-headed ogre misses you.
You shoot an arrow. The arrow hits the two-headed ogre.
The arrow burns the two-headed ogre.
The two-headed ogre is lightly wounded.
You shoot an arrow. The arrow hits the two-headed ogre!
The arrow burns the two-headed ogre!
The two-headed ogre is heavily wounded.
The two-headed ogre hits you with a +0 giant spiked club!!
The two-headed ogre hits you with a +0 giant spiked club!
You shoot an arrow. The arrow hits the two-headed ogre!
The arrow burns the two-headed ogre!
The two-headed ogre is almost dead.
You shoot an arrow.
The arrow barely misses the two-headed ogre.
The two-headed ogre barely misses you.
The two-headed ogre hits you with a +0 giant spiked club!
You die...

###.#.....
#..#......
#.#.......
##........ ##
###.........
#.##.#.#.(.....
#####....#........
#........#........
#@#.....%.........
##O......###......
#.l.....## ##.....
#...#....# #....#
####.....# ##...##
#........###...##
..#..............##
#..O..............#
...................


You could see a two-headed ogre and a komodo dragon.

Vanquished Creatures
  2 boulder beetles (D:11)
  2 two-headed ogres
  A manticore (D:8)
  An oklob plant (D:11)
  A gargoyle (D:10)
  2 trolls
  A hornet (D:9)
  2 shadows
  A vampire (D:11)
  3 wyverns
  13 yaks
  A steam dragon (D:7)
  4 vampire mosquitoes
  An acid dragon (D:11)
  3 water moccasins
  An ice beast (D:7)
  An ogre (D:5)
  4 orc warriors
  2 black bears
  5 centaurs
  3 phantoms
  6 kobold brigands
  2 gnoll sergeants
  3 scorpions
  4 bullfrogs
  4 wights (D:8)
  13 killer bees
  A howler monkey (D:8)
  3 jellies
  6 hounds
  4 orc priests
  A sleepcap (D:6)
  6 iguanas
  8 orc wizards
  6 gnolls
  3 river rats
  5 adders
  A shadow imp (D:5)
  A white imp (D:7)
  3 ufetubi
  5 worms
  A dart slug (D:2)
  35 orcs
  3 bats
  12 endoplasms
  4 giant cockroaches
  6 goblins
  8 hobgoblins
  33 kobolds
  4 quokkas
  7 ball pythons
  3 frilled lizards
  10 rats
265 creatures vanquished.

Vanquished Creatures (others)
  A centaur (D:11)
1 creature vanquished.

Grand Total: 266 creatures vanquished

Notes
Turn   | Place    | Note
-------+----------+-------------------------------------------
     0 | D:1      | qw the Gargoyle Hunter began the quest for the Orb.
     0 | D:1      | Reached XP level 1. HP: 12/12 MP: 1/1
     0 | D:1      | 0 ||| qw: Version: 0.3-a-83-gcd0e7d8
     0 | D:1      | 0 ||| qw: Game counter: 1605
     0 | D:1      | 0 ||| qw: Melee chars always use a shield: true
     0 | D:1      | 0 ||| qw: God list: Okawaru
     0 | D:1      | 0 ||| qw: Allow faded altars: false
     0 | D:1      | 0 ||| qw: Do Orc after clearing Dungeon:15 true
     0 | D:1      | 0 ||| qw: Do second Lair branch before Depths: true
     0 | D:1      | 0 ||| qw: Lair rune preference: random
     0 | D:1      | 0 ||| qw: Goals: Normal
     0 | D:1      | 0 ||| PLANNING D:1-11
   108 | D:1      | Reached XP level 2. HP: 17/17 MP: 2/2
   620 | D:1      | 620 ||| DROPPING ring of magical power.
   621 | D:1      | 621 ||| READING scroll labelled URUUJ WERPHAC.
   622 | D:1      | 622 ||| READING scroll labelled WOROVYESOJ.
   627 | D:1      | 627 ||| DROPPING scroll of butterflies.
   736 | D:2      | Reached skill level 5 in Ranged Weapons
   736 | D:2      | Reached XP level 3. HP: 17/21 MP: 3/3
  1289 | D:2      | Reached skill level 3 in Fighting
  1328 | D:2      | 1328 ||| UPGRADING to +0 ring mail.
  1338 | D:2      | 1338 ||| DROPPING +0 leather armour.
  1339 | D:2      | 1339 ||| UPGRADING to ring of protection from fire.
  1340 | D:2      | 1340 ||| READING scroll labelled RAAVET JUZI.
  1341 | D:2      | 1341 ||| READING scroll labelled UZXOUG LEPOPEG.
  1350 | D:3      | Found a sacrificial altar of Ru.
  1425 | D:3      | Reached XP level 4. HP: 21/28 MP: 4/4
  1968 | D:3      | 1968 ||| UPGRADING to +2 helmet.
  1973 | D:3      | 1973 ||| READING scroll labelled EBIBBAHOICE.
  1973 | D:3      | Identified a scroll of acquirement
  1973 | D:3      | 1973 ||| ACQUIRING scarf of Jouba {repulsion, Will+}
  1973 | D:3      | Acquired the scarf of Jouba {repulsion, Will+}
  1975 | D:3      | 1975 ||| UPGRADING to scarf of Jouba {repulsion, Will+}.
  1980 | D:3      | 1980 ||| READING scroll labelled EGHAET OTHORGH.
  1981 | D:3      | 1981 ||| DRINKING 2 coppery potions.
  1981 | D:3      | Gained mutation: You are robust. (+10% HP) [potion of
                  | mutation]
  1981 | D:3      | Lost mutation: You are robust. (+10% HP) [potion of
                  | mutation]
  1981 | D:3      | Gained mutation: You are vulnerable to heat. (rF-) [potion
                  | of mutation]
  1981 | D:3      | Gained mutation: You are strong-willed. (Will+) [potion of
                  | mutation]
  1982 | D:3      | 1982 ||| READING 2 scrolls of identify.
  1982 | D:3      | 1982 ||| IDENTIFYING fuming silvery potion
  2308 | D:4      | Reached XP level 5. HP: 32/32 MP: 5/5
  2392 | D:4      | Reached skill level 6 in Ranged Weapons
  2398 | D:4      | HP: 8/32 [orc/+0 mace (2)]
  2399 | D:4      | 2399 ||| READING 2 scrolls of teleportation.
  2691 | D:4      | Noticed a phantom
  2713 | D:4      | Killed a phantom
  2714 | D:4      | Reached XP level 6. HP: 35/38 MP: 6/6
  2988 | D:4      | 2988 ||| UPGRADING to amulet of reflection.
  2993 | D:4      | 2993 ||| UPGRADING to amulet of faith.
  3003 | D:4      | 3003 ||| READING scroll labelled DAETHEZASK.
  3012 | D:5      | Entered Level 5 of the Dungeon
  3012 | D:5      | Found a glowing drain.
  3013 | D:5      | 3013 ||| PLANNING SEWER
  3013 | D:5      | 3013 ||| STAIRDANCE
  3055 | D:5      | 3055 ||| STAIRDANCE
  3126 | Sewer    | Entered a sewer
  3135 | Sewer    | 3135 ||| Stepping ~*~*~tactically~*~*~ (water).
  3218 | Sewer    | Reached skill level 7 in Ranged Weapons
  3218 | Sewer    | Reached XP level 7. HP: 29/43 MP: 7/7
  3363 | Sewer    | 3363 ||| Stepping ~*~*~tactically~*~*~ (water).
  3397 | Sewer    | 3397 ||| Stepping ~*~*~tactically~*~*~ (water).
  3476 | Sewer    | 3476 ||| READING 2 scrolls labelled GIALYN ECUU.
  3477 | Sewer    | 3477 ||| READING scroll of enchant weapon.
  3477 | Sewer    | 3477 ||| ENCHANTING +1 shortbow.
  3478 | Sewer    | 3478 ||| READING scroll labelled MOPNAU REYDEA.
  3479 | Sewer    | 3479 ||| READING scroll labelled WEOLOCZ YCIACY.
  3507 | D:5      | 3507 ||| PLANNING D:1-11
  3551 | D:5      | Found a staircase to the Ecumenical Temple.
  3552 | D:5      | 3552 ||| PLANNING TEMPLE
  3557 | Temple   | Entered the Ecumenical Temple
  3558 | Temple   | 3558 ||| PLANNING OKAWARU WORSHIP
  3562 | Temple   | Became a worshipper of Warmaster Okawaru
  3563 | Temple   | 3563 ||| PLANNING D:1-11
  3792 | D:5      | Reached skill level 8 in Ranged Weapons
  4021 | D:5      | Found a shimmering blue altar of Sif Muna.
  4045 | D:5      | Found a glowing silver altar of Zin.
  4048 | D:5      | Reached * piety under Okawaru
  4049 | D:5      | Reached XP level 8. HP: 25/49 MP: 8/8
  4238 | D:5      | 4238 ||| INVOKING Heroism.
  4425 | D:5      | 4425 ||| READING scroll labelled TAYMODIPSY.
  4426 | D:5      | 4426 ||| DRINKING 2 fuming blue potions.
  4445 | D:5      | 4445 ||| DRINKING 3 bubbling pink potions.
  4446 | D:5      | 4446 ||| DROPPING potion of lignification.
  4533 | D:6      | 4533 ||| FLEEEEING.
  4534 | D:6      | 4534 ||| FLEEEEING.
  4535 | D:6      | 4535 ||| FLEEEEING.
  4536 | D:6      | 4536 ||| FLEEEEING.
  4537 | D:6      | 4537 ||| FLEEEEING.
  4538 | D:6      | 4538 ||| FLEEEEING.
  4544 | D:6      | 4544 ||| FLEEEEING.
  4545 | D:6      | 4545 ||| FLEEEEING.
  4546 | D:6      | 4546 ||| FLEEEEING.
  4549 | D:6      | Reached skill level 1 in Invocations
  4573 | D:6      | 4573 ||| INVOKING Heroism.
  4647 | D:6      | 4647 ||| READING scroll of enchant weapon.
  4647 | D:6      | 4647 ||| ENCHANTING +2 shortbow.
  4673 | D:6      | Reached skill level 9 in Ranged Weapons
  4949 | D:6      | 4949 ||| INVOKING Heroism.
  5105 | D:6      | 5105 ||| INVOKING Heroism.
  5212 | D:6      | Reached skill level 6 in Fighting
  5212 | D:6      | Reached skill level 3 in Invocations
  5241 | D:6      | Found a hide-covered altar of Uskayaw.
  5539 | D:6      | 5539 ||| READING scroll labelled YSCHIGO BOYSI.
  5540 | D:6      | 5540 ||| DRINKING 2 sedimented green potions.
  5541 | D:6      | 5541 ||| DRINKING 2 amethyst potions.
  5542 | D:6      | 5542 ||| DRINKING 3 fizzy green potions.
  5543 | D:6      | 5543 ||| DROPPING potion of brilliance.
  5643 | D:6      | 5643 ||| INVOKING Heroism.
  5704 | D:7      | Reached XP level 9. HP: 45/55 MP: 11/11
  5706 | D:7      | 5706 ||| FLEEEEING.
  5710 | D:7      | 5710 ||| STAIRDANCE
  5756 | D:7      | 5756 ||| SWAPPING to +0 orcbow.
  5757 | D:7      | 5757 ||| DROPPING +3 shortbow of draining.
  5805 | D:7      | 5805 ||| Stepping ~*~*~tactically~*~*~ (retreating).
  5806 | D:7      | 5806 ||| Stepping ~*~*~tactically~*~*~ (retreating).
  5807 | D:7      | 5807 ||| Stepping ~*~*~tactically~*~*~ (retreating).
  5821 | D:7      | 5821 ||| INVOKING Heroism.
  5824 | D:7      | HP: 13/55 [kobold/+0 whip (2)]
  5825 | D:7      | Reached skill level 10 in Ranged Weapons
  5825 | D:7      | 5825 ||| READING scroll of teleportation.
  5835 | D:7      | HP: 13/55 [something (3)]
  5836 | D:7      | 5836 ||| DRINKING potion of heal wounds.
  5851 | D:7      | 5851 ||| INVOKING Heroism.
  5896 | D:7      | 5896 ||| INVOKING Heroism.
  6237 | D:7      | Found Naxzemim's Weapon Emporium.
  6246 | D:7      | 6246 ||| UPGRADING to +0 leather armour of cold resistance.
  6258 | D:7      | 6258 ||| INVOKING Heroism.
  6259 | D:7      | 6259 ||| Stepping ~*~*~tactically~*~*~ (cloud).
  6264 | D:7      | 6264 ||| Stepping ~*~*~tactically~*~*~ (cloud).
  6280 | D:7      | Reached skill level 3 in Dodging
  6280 | D:7      | HP: 14/57 [something (2)]
  6504 | D:7      | 6504 ||| UPGRADING to ring of protection from cold.
  6605 | D:8      | 6605 ||| Stepping ~*~*~tactically~*~*~ (retreating).
  6606 | D:8      | 6606 ||| Stepping ~*~*~tactically~*~*~ (retreating).
  6607 | D:8      | 6607 ||| Stepping ~*~*~tactically~*~*~ (retreating).
  6608 | D:8      | 6608 ||| Stepping ~*~*~tactically~*~*~ (retreating).
  6609 | D:8      | 6609 ||| Stepping ~*~*~tactically~*~*~ (retreating).
  6610 | D:8      | 6610 ||| Stepping ~*~*~tactically~*~*~ (retreating).
  6625 | D:8      | 6625 ||| INVOKING Heroism.
  6632 | D:8      | Reached skill level 11 in Ranged Weapons
  6656 | D:8      | 6656 ||| INVOKING Heroism.
  6755 | D:8      | Noticed a manticore
  6756 | D:8      | 6756 ||| INVOKING Heroism.
  6764 | D:8      | Killed a manticore
  6764 | D:8      | Reached ** piety under Okawaru
  6765 | D:8      | Reached XP level 10. HP: 60/65 MP: 10/13
  6802 | D:8      | 6802 ||| RETREEAATING.
  6811 | D:8      | 6811 ||| Stepping ~*~*~tactically~*~*~ (retreating).
  6813 | D:8      | 6813 ||| Stepping ~*~*~tactically~*~*~ (retreating).
  6814 | D:8      | 6814 ||| Stepping ~*~*~tactically~*~*~ (retreating).
  6815 | D:8      | 6815 ||| Stepping ~*~*~tactically~*~*~ (retreating).
  6816 | D:8      | 6816 ||| Stepping ~*~*~tactically~*~*~ (retreating).
  6817 | D:8      | 6817 ||| STILL RETREEAATING.
  6819 | D:8      | 6819 ||| Stepping ~*~*~tactically~*~*~ (retreating).
  6823 | D:8      | 6823 ||| FLEEEEING.
  6824 | D:8      | 6824 ||| FLEEEEING.
  6825 | D:8      | 6825 ||| FLEEEEING.
  6826 | D:8      | 6826 ||| FLEEEEING.
  6830 | D:8      | 6830 ||| Stepping ~*~*~tactically~*~*~ (retreating).
  6831 | D:8      | 6831 ||| Stepping ~*~*~tactically~*~*~ (retreating).
  6832 | D:8      | 6832 ||| Stepping ~*~*~tactically~*~*~ (retreating).
  6833 | D:8      | 6833 ||| Stepping ~*~*~tactically~*~*~ (retreating).
  6835 | D:8      | 6835 ||| Stepping ~*~*~tactically~*~*~ (retreating).
  6844 | D:8      | 6844 ||| INVOKING Heroism.
  6958 | D:8      | 6958 ||| READING scroll of acquirement.
  6958 | D:8      | 6958 ||| ACQUIRING +0 pair of gloves of the Lobster {Harm
                  | Int+4 SInv}
  6958 | D:8      | Acquired the +0 pair of gloves of the Lobster {Harm Int+4
                  | SInv}
  6967 | D:8      | 6967 ||| RETREEAATING.
  6968 | D:8      | 6968 ||| STILL RETREEAATING.
  6975 | D:8      | 6975 ||| INVOKING Heroism.
  7158 | D:8      | Reached skill level 12 in Ranged Weapons
  7165 | D:8      | 7165 ||| INVOKING Heroism.
  7327 | D:8      | Found a burning altar of Makhleb.
  7327 | D:8      | Found a snail-covered altar of Cheibriados.
  7348 | D:8      | 7348 ||| INVOKING Heroism.
  7568 | D:8      | Identified the +1 falchion of Zytsauk {freeze, Dex+3}
  7796 | D:8      | 7796 ||| READING 2 scrolls of identify.
  7796 | D:8      | 7796 ||| IDENTIFYING sapphire potion
  7857 | D:9      | 7857 ||| Stepping ~*~*~tactically~*~*~ (retreating).
  7859 | D:9      | 7859 ||| Stepping ~*~*~tactically~*~*~ (retreating).
  7860 | D:9      | 7860 ||| Stepping ~*~*~tactically~*~*~ (retreating).
  7861 | D:9      | 7861 ||| Stepping ~*~*~tactically~*~*~ (retreating).
  7862 | D:9      | 7862 ||| Stepping ~*~*~tactically~*~*~ (retreating).
  7863 | D:9      | 7863 ||| INVOKING Heroism.
  7872 | D:9      | Reached *** piety under Okawaru
  7894 | D:9      | 7894 ||| INVOKING Heroism.
  7990 | D:9      | Noticed a two-headed ogre
  7991 | D:9      | 7991 ||| INVOKING Heroism.
  7999 | D:9      | Killed a two-headed ogre
  8111 | D:9      | Reached skill level 13 in Ranged Weapons
  8122 | D:9      | 8122 ||| FLEEEEING.
  8155 | D:9      | 8155 ||| READING scroll of enchant weapon.
  8155 | D:9      | 8155 ||| ENCHANTING +0 orcbow.
  8221 | D:9      | 8221 ||| RETREEAATING.
  8230 | D:9      | Reached **** piety under Okawaru
  8231 | D:9      | Reached skill level 9 in Fighting
  8247 | D:9      | 8247 ||| INVOKING Heroism.
  8252 | D:9      | Reached XP level 11. HP: 33/71 MP: 11/14
  8326 | D:9      | 8326 ||| INVOKING Heroism.
  8345 | D:9      | 8345 ||| INVOKING Heroism.
  8452 | D:9      | 8452 ||| SWAPPING to +1 orcbow of flaming.
  8454 | D:9      | 8454 ||| DROPPING +1 orcbow.
  8469 | D:9      | Found a radiant altar of Vehumet.
  8544 | D:9      | 8544 ||| DRINKING 3 bubbling sapphire potions.
  8558 | D:10     | Entered Level 10 of the Dungeon
  8626 | D:10     | Noticed a two-headed ogre
  8627 | D:10     | 8627 ||| INVOKING Heroism.
  8632 | D:10     | Killed a two-headed ogre
  8670 | D:10     | Reached skill level 6 in Invocations
  8710 | D:10     | 8710 ||| INVOKING Heroism.
  8827 | D:10     | Found Unoroav's Armour Shop.
  8827 | D:10     | Found a staircase to the Orcish Mines.
  8827 | D:10     | Found Higuiloq's Weapon Shop.
  8889 | D:10     | 8889 ||| BUYING +1 ring mail of cold resistance (272 gold).
  8889 | D:10     | Bought a +1 ring mail of cold resistance for 272 gold
                  | pieces
  8889 | D:10     | 8889 ||| SHOPLISTING +1 swamp dragon scales (969 gold, have
                  | 508).
  8966 | D:10     | 8966 ||| INVOKING Heroism.
  9161 | D:10     | 9161 ||| DROPPING +0 ring mail.
  9162 | D:10     | 9162 ||| DROPPING +1 hat.
  9163 | D:10     | 9163 ||| UPGRADING to +1 ring mail of cold resistance.
  9173 | D:10     | 9173 ||| DROPPING +0 leather armour of cold resistance.
  9174 | D:10     | 9174 ||| READING 2 scrolls of identify.
  9174 | D:10     | 9174 ||| IDENTIFYING black potion
  9218 | D:11     | 9218 ||| FLEEEEING.
  9219 | D:11     | 9219 ||| STAIRDANCE
  9266 | D:11     | 9266 ||| STAIRDANCE
  9299 | D:11     | Reached ***** piety under Okawaru
  9300 | D:11     | 9300 ||| STAIRDANCE
  9355 | D:11     | 9355 ||| INVOKING Heroism.
  9358 | D:11     | Reached skill level 3 in Armour
  9366 | D:11     | HP: 12/71 [orc wizard/puff of flame (7)]
  9367 | D:11     | 9367 ||| READING scroll of teleportation.
  9373 | D:11     | 9373 ||| FLEEEEING.
  9374 | D:11     | 9374 ||| FLEEEEING.
  9375 | D:11     | 9375 ||| FLEEEEING.
  9376 | D:11     | 9376 ||| FLEEEEING.
  9377 | D:11     | 9377 ||| FLEEEEING.
  9378 | D:11     | 9378 ||| FLEEEEING.
  9379 | D:11     | 9379 ||| FLEEEEING.
  9380 | D:11     | 9380 ||| FLEEEEING.
  9381 | D:11     | 9381 ||| FLEEEEING.
  9381 | D:11     | HP: 11/71 [something (4)]
  9382 | D:11     | 9382 ||| FLEEEEING.
  9383 | D:11     | 9383 ||| FLEEEEING.
  9384 | D:11     | 9384 ||| FLEEEEING.
  9385 | D:11     | 9385 ||| INVOKING Heroism.
  9388 | D:11     | 9388 ||| FLEEEEING.
  9389 | D:11     | 9389 ||| FLEEEEING.
  9390 | D:11     | 9390 ||| FLEEEEING.
  9391 | D:11     | 9391 ||| FLEEEEING.
  9392 | D:11     | 9392 ||| STAIRDANCE
  9576 | D:11     | 9576 ||| INVOKING Heroism.
  9581 | D:11     | 9581 ||| STAIRDANCE
  9688 | D:11     | Found a blossoming altar of Fedhas.
  9842 | D:11     | Found a staircase to the Lair.
  9842 | D:11     | Noticed an oklob plant
  9842 | D:11     | Noticed an oklob plant
  9843 | D:11     | 9843 ||| INVOKING Heroism.
  9852 | D:11     | Killed an oklob plant
  9853 | D:11     | 9853 ||| UPGRADING to +0 troll leather armour.
  9863 | D:11     | 9863 ||| DROPPING +1 ring mail of cold resistance.
  9874 | D:11     | HP: 11/71 [oklob plant/splash of acid (21)]
 10126 | D:11     | Found a portal to a secret trove of treasure.
 10133 | D:11     | Noticed a boulder beetle
 10134 | D:11     | 10134 ||| INVOKING Heroism.
 10145 | D:11     | Killed a boulder beetle
 10146 | D:11     | Reached skill level 14 in Ranged Weapons
 10162 | D:11     | Noticed a boulder beetle
 10163 | D:11     | 10163 ||| INVOKING Finesse.
 10165 | D:11     | 10165 ||| INVOKING Heroism.
 10197 | D:11     | Killed a boulder beetle
 10210 | D:11     | 10210 ||| RETREEAATING.
 10211 | D:11     | 10211 ||| STILL RETREEAATING.
 10275 | D:11     | 10275 ||| INVOKING Heroism.
 10275 | D:11     | Noticed a two-headed ogre
 10276 | D:11     | 10276 ||| RETREEAATING.
 10277 | D:11     | 10277 ||| STILL RETREEAATING.
 10278 | D:11     | 10278 ||| STILL RETREEAATING.
 10279 | D:11     | 10279 ||| STILL RETREEAATING.
 10283 | D:11     | 10283 ||| Stepping ~*~*~tactically~*~*~ (retreating).
 10284 | D:11     | 10284 ||| Stepping ~*~*~tactically~*~*~ (retreating).
 10288 | D:11     | HP: 14/72 [two-headed ogre/+0 giant spiked club (28)]
 10288 | D:11     | HP: 4/72 [two-headed ogre/+0 giant spiked club (10)]
 10290 | D:11     | Mangled by a two-headed ogre

Levels and vault maps discovered:
D:1:      co_arrival_square_in_a_square_in_a_square, layout_loops_ring
D:2:      layout_loops_ring, hangedman_decor_points
D:3:      layout_loops_ring, amcnicky_altar_gilded
D:4:      layout_loops_corners, hangedman_abyss_or_decor_jellyfish_corner
D:5:      layout_loops_cross, gammafunk_temple_overflow_pools,
          minmay_temple_entry_enclosed_plants, portal_sewer_entry_a
D:6:      layout_basic, marbit_many_paths
D:7:      layout_cave_pools, serial_shops, nicolae_diamond_shop
D:8:      layout_basic, jmf_multi_god_temple
D:9:      layout_basic, vehumet_altar_wand_db
D:10:     layout_rooms, orc_david_3, minmay_misc_feat_cross
D:11:     layout_big_octagon, dpeg_oklobed_lair, nicolae_trove_entry_crossroad,
          fedhas_altar_1
Temple:   minmay_freezing_vapour_temple

Skill      XL: |  1  2  3  4  5  6  7  8  9 10 11 |
---------------+----------------------------------+-----
Ranged Weapons | 5 6 7 8 9 11 13 14 | 14.1
Fighting       | 3 4 5 6 8 9 |  9.6
Armour         | 2 3 |  3.0
Dodging        | 2 3 4 |  4.0
Invocations    | 3 4 8 |  8.5
Stealth        | |  1.1

Action                     |  1- 3 |  4- 6 |  7- 9 | 10-12 || total
---------------------------+-------+-------+-------+-------++-------
   Fire: Shortbow          |   103 |   205 |   209 |       ||   517
         Orcbow            |       |       |   157 |   508 ||   665
 Invoke: Heroism           |       |       |    12 |    20 ||    32
         Finesse           |       |       |       |     1 ||     1
    Use: Scroll            |     4 |     5 |     8 |     5 ||    22
         Potion            |       |     1 |     6 |     1 ||     8
 Armour: Leather armour    |    23 |       |    45 |   116 ||   184
         Ring mail         |     9 |    85 |   129 |   135 ||   358
         Troll leather arm |       |       |       |    10 ||    10
  Dodge: Dodged            |    22 |    70 |   162 |   244 ||   498
         Repelled          |       |       |     2 |     2 ||     4

Table legend:
 A = Non-vault XP
 B = Vault XP
 C = Vault XP percentage of total XP
 D = Non-vault monster count
 E = Vault monster count
 F = Vault count percentage of total count
                 A         B        C        D         E       F
            +---------+---------+-------+---------+---------+-------
      Total |   16183 |    1153 |   6.7 |     234 |      32 |  12.0
            +---------+---------+-------+---------+---------+-------
        D:1 |      22 |       0 |   0.0 |      13 |       0 |   0.0
        D:2 |      50 |       0 |   0.0 |      21 |       0 |   0.0
        D:3 |      81 |       0 |   0.0 |      16 |       0 |   0.0
        D:4 |     241 |      14 |   5.5 |      19 |       1 |   5.0
        D:5 |     732 |       7 |   0.9 |      19 |       3 |  13.6
        D:6 |     768 |      85 |  10.0 |      15 |       1 |   6.2
        D:7 |    1390 |       0 |   0.0 |      27 |       0 |   0.0
        D:8 |    2609 |     245 |   8.6 |      36 |       2 |   5.3
        D:9 |    3646 |       2 |   0.1 |      28 |       1 |   3.4
       D:10 |    2066 |      12 |   0.6 |      10 |       4 |  28.6
       D:11 |    4578 |     542 |  10.6 |      30 |       1 |   3.2
      Sewer |       0 |     246 | 100.0 |       0 |      19 | 100.0
            +---------+---------+-------+---------+---------+-------
